 Dungeon Crawl Stone Soup version 0.19.1-1-g22dce08 (webtiles) character file.

10308 Venfury the Nimble (level 11, -7/87 HPs)
             Began as a Merfolk Chaos Knight on Jan 7, 2017.
             Mangled by a komodo dragon (39 damage)
             ... on level 11 of the Dungeon.
             The game lasted 02:01:15 (13105 turns).

Venfury the Nimble (Merfolk Chaos Knight)          Turns: 13105, Time: 02:01:24

Health: -7/87      AC: 10    Str: 13    XL:     11   Next: 60%
Magic:  16/16      EV: 21    Int: 11    God:    Xom [..*...]
Gold:   1611       SH:  6    Dex: 24    Spells: 0 memorised, 15 levels left

rFire  + . .     SeeInvis +     a - +1 mace (chaos)
rCold  + + +     Gourm    .     b - +3 leather armour
rNeg   . . .     Faith    +     w - +0 buckler {rC+}
rPois  +         Spirit   .     j - +1 hat
rElec  +         Reflect  .     (no cloak)
rCorr  .         Harm     .     (no gloves)
MR     .....                    (no boots)
Stlth  +++++.....               k - amulet of faith
                                h - ring of see invisible
                                E - +3 ring of dexterity

@: no status effects
A: change form in water, swift swim, stealthy swim, claws 1, fangs 1, horns 1,
molten scales 1, thin skeletal structure 1, agile 1, blink, cold resistance 2,
fire resistance 1, high mp 1, sense surroundings 1, poison resistance, shaggy
fur 1, electricity resistance, wild magic 1, evolution 1, no device heal 1,
sturdy frame 1
a: Blink, Renounce Religion


You were on level 11 of the Dungeon.
You worshipped Xom.
You were a toy of Xom.
You were not hungry.

You visited 1 branch of the dungeon, and saw 11 of its levels.

You collected 1706 gold pieces.
You spent 95 gold pieces at shops.

Inventory:

Hand Weapons
 a - a +1 mace of chaos (weapon)
 v - a +2 whip of flaming
 x - a +2 trident of freezing
 A - a +0 quarterstaff
 I - a +0 lajatang of protection
Missiles
 B - 112 stones (quivered)
 J - 10 sling bullets
Armour
 b - a +3 leather armour (worn)
 j - a +1 hat (worn)
 u - a +0 ring mail
 w - a +0 buckler of cold resistance (worn)
 F - a +0 chain mail
 N - a +0 plate armour
Magical Staves
 f - an uncursed staff of wizardry
 n - an uncursed staff of energy
Jewellery
 h - a ring of see invisible (right claw)
 k - an amulet of faith (around neck)
 E - a +3 ring of dexterity (left claw)
 H - the ring "Oniwk" {rN+ Stlth+}
   (Xom gifted it to you on level 9 of the Dungeon)

   [ring of positive energy]

   It protects you from negative energy.
   It makes you more stealthy.
Wands
 z - a wand of disintegration (8/24)
 C - a wand of flame (34/48)
 L - a wand of lightning (7/15)
Scrolls
 e - 3 scrolls of enchant armour
 p - 8 scrolls of remove curse
 q - 4 scrolls of magic mapping
 r - a scroll of recharging
 D - a scroll of noise {unknown}
 M - a scroll of fog {unknown}
Potions
 c - a potion of magic {unknown}
 d - a potion of curing
 g - 4 potions of lignification
 i - a potion of flight
 l - 4 potions of haste
 m - 2 potions of resistance
 G - a potion of brilliance
 K - a potion of might {unknown}
 P - a potion of berserk rage {unknown}
Books
 s - a book of Changes

   Spells                             Type                      Level
   a - Beastly Appendage              Transmutation                1
   b - Sticks to Snakes               Transmutation                2
   c - Spider Form                    Transmutation/Poison         3
   d - Ice Form                       Ice/Transmutation            4
   e - Blade Hands                    Transmutation                5
Miscellaneous
 y - a disc of storms
Comestibles
 o - a chunk of flesh
 t - 8 fruits


   Skills:
 + Level 8.5 Fighting
 + Level 8.4(8.6) Maces & Flails
 + Level 2.7(6.0) Staves
 + Level 3.0 Throwing
 + Level 4.4 Armour
 + Level 10.1 Dodging
 + Level 8.4 Stealth
 + Level 4.4 Shields
 + Level 3.4 Unarmed Combat
 + Level 2.8 Spellcasting
 + Level 3.0 Evocations


You had 15 spell levels left.
You didn't know any spells.

Dungeon Overview and Level Annotations

Branches:
Dungeon (11/15)            Temple (0/1) D:4             Orc (0/2) D:9
   Lair: D:8-11

Altars:
Fedhas
Kikubaaqudgha
Makhleb
Nemelex Xobeh
Okawaru
Qazlal
Ru
Sif Muna
Trog
Xom
Yredelemnul
The Shining One

Shops:
D:8 *

Annotations:
D:11 Fannar


Innate Abilities, Weirdness & Mutations

You revert to your normal form in water.
You are very nimble and swift while swimming.
You are very stealthy in the water. (Stealth+)
You have sharp fingernails.
You have very sharp teeth.
You have a pair of small horns on your head.
You are partially covered in molten scales. (AC +2)
You have a somewhat thin skeletal structure. (Dex +2, Stealth)
You are agile. (Dex +2)
You can translocate small distances at will.
Your flesh is very cold resistant. (rC++)
Your flesh is heat resistant. (rF+)
You have an increased reservoir of magic. (+10% MP)
You passively map a small area around you.
Your system is resistant to poisons. (rPois)
You are covered in fur. (AC +1)
You are resistant to electric shocks. (rElec)
Your spells are a little harder to cast, but a little more powerful.
You evolve.
Potions and wands are less effective at restoring your health.
Your movements are slightly less encumbered by armour. (ER -2)


Message History

You hit the komodo dragon.
The komodo dragon seems to slow down.
You freeze the komodo dragon. Your headbutt misses the komodo dragon.
You bite the komodo dragon.
The komodo dragon is almost dead.
The komodo dragon barely misses you.
You hit the komodo dragon.
You heal the komodo dragon.
The komodo dragon is almost dead. x2
The komodo dragon bites you!!
You hit the komodo dragon but do no damage.
You headbutt the komodo dragon, but do no damage.
The komodo dragon is almost dead.
The komodo dragon bites you.
You hit the komodo dragon. You freeze the komodo dragon.
The komodo dragon is almost dead. "Get over here!"
The komodo dragon blinks!
You are now a toy of Xom.
The komodo dragon is no longer moving slowly.
The komodo dragon bites you!!!
You die...

* ,,
,...................#
...................# ,,
...................#
,#########..........# ,
. #..#######.#
..#########..........#
,
,....................#
* ,
.........l..........# *
,
######...@...........#
,
..........ยง..........#
,
.....................#
,
.....................#
.....................#
, ,
.....................#
,
.....................#
....########.........#
, , ....* #.#########


You could see a komodo dragon (berserk).

Vanquished Creatures
  The ghost of sveltemanboy the Summoner, a journeyman TeSu of Ashenzari (D:10)
  A hill giant (D:10)
  Pikel (D:7)
  Joseph (D:7)
  The ghost of Paps the Slasher, a novice DsFi of Yredelemnul (D:5)
  A hornet (D:9)
  A troll (D:9)
  2 hippogriffs
  Grinder (D:3)
  A wyvern (D:8)
  A shadow (D:9)
  2 wraiths
  2 yaks (D:9)
  A soldier ant (D:8)
  A water moccasin (D:10)
  2 ice beasts
  A sky beast (D:6)
  5 orc warriors
  2 black bears
  3 ogres
  A phantom (D:10)
  A centaur (D:6)
  A crocodile (D:10)
  A big kobold (D:8)
  7 bullfrogs
  A wyvern skeleton (D:10)
  6 scorpions
  4 killer bees
  2 howler monkeys
  5 crimson imps
  A centaur zombie (D:5)
  A jelly (D:6)
  3 bullfrog skeletons
  An orc priest (D:9)
  3 hounds
  4 orc wizards
  4 iguanas
  Jessica (D:2)
  8 worker ants
  A hound zombie (D:6)
  2 hound skeletons
  5 gnolls
  A howler monkey skeleton (D:10)
  9 adders
  3 shadow imps
  An ooze (D:9)
  An adder zombie (D:4)
  3 adder skeletons
  3 worms (D:2)
  A dart slug (D:11)
  5 leopard geckos
  16 orcs
  2 giant cockroaches
  10 hobgoblins
  20 jackals
  13 kobolds
  4 quokkas
  2 ball pythons (D:3)
  7 bats
  9 frilled lizards
  A giant cockroach zombie (D:6)
  10 goblins
  A quokka skeleton (D:8)
  5 rats
221 creatures vanquished.

Vanquished Creatures (collateral kills)
  A troll (D:9)
  The ghost of Spolavi the Chopper, an amateur HOFi (D:6)
  3 yaks (D:9)
  A steam dragon (D:10)
  An ice beast (D:9)
  3 slaves (D:7)
  A necrophage (D:7)
  An ogre (D:9)
  A bullfrog (D:7)
  A gnoll sergeant (D:7)
  4 wights (D:6)
  3 howler monkeys (D:7)
  A bullfrog zombie (D:9)
  An iguana (D:7)
  3 gnolls (D:7)
  A shadow imp (D:7)
27 creatures vanquished.

Vanquished Creatures (others)
  An ugly thing (D:11)
  A slave (D:7)
  A crimson imp (D:6)
  An iguana (D:10)
  A worker ant (D:11)
  A fungus (D:11)
6 creatures vanquished.

Grand Total: 254 creatures vanquished

Notes
Turn   | Place    | Note
-------+----------+-------------------------------------------
     0 | D:1      | Venfury the Merfolk Chaos Knight began the quest for the Orb.
     0 | D:1      | Reached XP level 1. HP: 18/18 MP: 1/1
    72 | D:1      | Reached XP level 2. HP: 22/24 MP: 2/2
   136 | D:1      | XOM: harmless Summ miscast
   343 | D:1      | XOM: potion effect (brilliance)
   509 | D:1      | XOM: potion effect (might)
   510 | D:1      | Reached XP level 3. HP: 30/30 MP: 3/3
   660 | D:1      | XOM: harmless Conj miscast
   734 | D:2      | Reached skill level 1 in Armour
   869 | D:2      | XOM: harmless Pois miscast
   880 | D:2      | Reached skill level 3 in Dodging
   880 | D:2      | Reached XP level 4. HP: 29/37 MP: 4/4
  1131 | D:2      | Found a blossoming altar of Fedhas.
  1262 | D:2      | Found a glowing golden altar of the Shining One.
  1289 | D:2      | Noticed Jessica
  1292 | D:2      | XOM: harmless Hex miscast
  1301 | D:2      | Killed Jessica
  1301 | D:2      | Reached XP level 5. HP: 10/42 MP: 5/5
  1488 | D:2      | XOM: cloud trail
  1765 | D:3      | Found a sacrificial altar of Ru.
  1834 | D:3      | Noticed Grinder
  1836 | D:3      | XOM: divination: magic mapping
  1852 | D:3      | XOM: divination: detect items
  1866 | D:3      | XOM: potion effect (berserk rage)
  1871 | D:3      | Killed Grinder
  1871 | D:3      | Reached skill level 1 in Stealth
  1871 | D:3      | Reached XP level 6. HP: 43/49 MP: 6/6
  2091 | D:4      | Found a bloodstained altar of Trog.
  2244 | D:4      | Found a staircase to the Ecumenical Temple.
  2247 | D:4      | XOM: polymorph worker ant -> gnoll
  2272 | D:4      | Found an ancient bone altar of Kikubaaqudgha.
  2300 | D:4      | Reached skill level 4 in Dodging
  2334 | D:4      | XOM: noise
  2624 | D:4      | Reached XP level 7. HP: 53/55 MP: 7/7
  2732 | D:5      | Entered Level 5 of the Dungeon
  2732 | D:5      | Noticed Paps's ghost (novice DsFi)
  2848 | D:5      | XOM: god gift: 1140 gold pieces
  3023 | D:5      | XOM: scenery: create altars
  3297 | D:4      | XOM: god gift: book of Changes
  3315 | D:4      | XOM: divination: magic mapping
  3389 | D:4      | XOM: give mutation
  3389 | D:4      | Gained mutation: You have a pair of small antennae on your head. [Xom's grace]
  3504 | D:4      | XOM: divination: detect creatures
  3707 | D:5      | XOM: cast spell 'Olgreb's Toxic Radiance'
  3753 | D:4      | XOM: mild Hex miscast
  3783 | D:4      | XOM: give mutations
  3783 | D:4      | Gained mutation: You are dopey. (Int -2) [Xom's mischief]
  3783 | D:4      | Lost mutation: You are dopey. (Int -2) [Xom's mischief]
  3783 | D:4      | Gained mutation: You are frail. (-10% HP) [Xom's mischief]
  3783 | D:4      | Gained mutation: Your magical capacity is low. (-10% MP) [Xom's mischief]
  4057 | D:5      | XOM: 4-stop teleportation journey
  4210 | D:5      | XOM: give mutations
  4210 | D:5      | Gained mutation: Your natural rate of healing is unusually fast. [Xom's mischief]
  4210 | D:5      | Lost mutation: Your magical capacity is low. (-10% MP) [Xom's mischief]
  4210 | D:5      | Lost mutation: Your natural rate of healing is unusually fast. [Xom's mischief]
  4210 | D:5      | Lost mutation: You have a pair of small antennae on your head. [Xom's mischief]
  4241 | D:5      | XOM: 1-stop teleportation journey
  4385 | D:5      | XOM: noise
  4394 | D:5      | XOM: 2-stop teleportation journey
  4456 | D:5      | XOM: god gift: 54 gold pieces
  4532 | D:5      | Reached skill level 5 in Fighting
  4553 | D:5      | XOM: god gift: long glowing staff {god gift}
  4577 | D:5      | XOM: scenery: 3 doors open, 1 doors close
  4580 | D:5      | Reached skill level 5 in Maces & Flails
  4658 | D:5      | XOM: scenery: 1 doors open, 2 doors close
  4660 | D:5      | XOM: cast spell 'Ring of Flames'
  4663 | D:5      | XOM: summons friendly white imp
  4665 | D:5      | XOM: cleaving
  4671 | D:5      | Killed Paps's ghost
  4671 | D:5      | Reached XP level 8. HP: 35/56 MP: 8/8
  4726 | D:5      | XOM: give mutations
  4726 | D:5      | Gained mutation: You have a somewhat thin skeletal structure. (Dex +2, Stealth) [Xom's grace]
  4726 | D:5      | Gained mutation: You are partially covered in molten scales. (AC +2) [Xom's grace]
  4785 | D:5      | XOM: give mutations
  4785 | D:5      | Gained mutation: Your muscles are strong. (Str +2) [Xom's grace]
  4785 | D:5      | Gained mutation: You possess an exceptional clarity of mind. [Xom's grace]
  4785 | D:5      | Gained mutation: You evolve. [Xom's grace]
  4785 | D:5      | Gained mutation: Your spells are a little harder to cast, but a little more powerful. [Xom's grace]
  4952 | D:6      | XOM: cast spell 'Spider Form'
  4953 | D:6      | XOM: cast spell 'Summon Small Mammal'
  4966 | D:6      | XOM: summons 2 friendly demons
  5006 | D:6      | XOM: 1-stop teleportation journey
  5011 | D:6      | XOM: cast spell 'Necromutation'
  5014 | D:6      | XOM: divine lightning (protected)
  5030 | D:6      | Reached skill level 5 in Dodging
  5101 | D:6      | XOM: god gift: weird jewelled staff {god gift}
  5204 | D:6      | XOM: god gift: 40 gold pieces
  5216 | D:6      | XOM: scenery: 1 doors close
  5219 | D:6      | XOM: give mutations
  5219 | D:6      | Gained mutation: You are covered in fur. (AC +1) [Xom's grace]
  5219 | D:6      | Gained mutation: Your movements are slightly less encumbered by armour. (ER -2) [Xom's grace]
  5222 | D:6      | XOM: divine lightning (protected)
  5647 | D:6      | XOM: god gift: ring mail {god gift}
  5687 | D:6      | Reached skill level 5 in Stealth
  5764 | D:6      | XOM: god gift: shiny buckler {god gift}
  5834 | D:6      | XOM: give mutations
  5834 | D:6      | Lost mutation: Your muscles are strong. (Str +2) [Xom's mischief]
  5834 | D:6      | Gained mutation: Your body sometimes deteriorates upon taking damage. [Xom's mischief]
  5834 | D:6      | Lost mutation: Your spells are a little harder to cast, but a little more powerful. [Xom's mischief]
  5854 | D:6      | XOM: 8-stop teleportation journey
  5859 | D:6      | XOM: harmless Air miscast
  6179 | D:6      | Noticed Spolavi's ghost (amateur HOFi)
  6182 | D:6      | XOM: 1-stop teleportation journey
  6229 | D:6      | Gained mutation: You passively map a small area around you. [evolution]
  6246 | D:6      | XOM: scenery: create altars
  6259 | D:6      | XOM: cleaving
  6267 | D:6      | XOM: enchant monster (good)
  6296 | D:6      | XOM: scenery: create altars
  6298 | D:6      | XOM: cleaving
  6311 | D:6      | XOM: potion effect (experience)
  6311 | D:6      | Reached skill level 8 in Dodging
  6311 | D:6      | Reached XP level 9. HP: 19/64 MP: 8/13
  6322 | D:6      | XOM: fog
  6329 | D:6      | XOM: fog
  6347 | D:6      | XOM: potion effect (agility)
  6352 | D:6      | XOM: cleaving
  6355 | D:6      | XOM: destruction
  6358 | D:6      | XOM: destruction
  6368 | D:6      | XOM: enchant monster (good)
  6386 | D:6      | XOM: summons 9 friendly demons
  6391 | D:6      | Killed Spolavi's ghost
  6607 | D:6      | XOM: give mutations
  6607 | D:6      | Gained mutation: You passively map the area around you. [Xom's grace]
  6607 | D:6      | Gained mutation: You have very sharp teeth. [Xom's grace]
  6661 | D:6      | XOM: give mutations
  6661 | D:6      | Gained mutation: You can translocate small distances at will. [Xom's grace]
  6661 | D:6      | Gained mutation: Your flesh is heat resistant. (rF+) [Xom's grace]
  6661 | D:6      | Lost mutation: You are frail. (-10% HP) [Xom's grace]
  6693 | D:6      | XOM: give mutations
  6693 | D:6      | Gained mutation: Your flesh is cold resistant. (rC+) [Xom's grace]
  6693 | D:6      | Gained mutation: You are agile. (Dex +2) [Xom's grace]
  6694 | D:6      | Reached XP level 10. HP: 79/79 MP: 14/14
  6726 | D:7      | XOM: scenery: create altars
  6772 | D:7      | Noticed Pikel
  6774 | D:7      | XOM: confuse monster(s)
  6777 | D:7      | XOM: cast spell 'Summon Ice Beast'
  6791 | D:7      | Killed Pikel
  6916 | D:7      | XOM: scenery: create altars
  6922 | D:7      | XOM: cleaving
  7011 | D:7      | XOM: scenery: create altars
  7223 | D:7      | Noticed Joseph
  7225 | D:7      | XOM: confuse monster(s)
  7245 | D:7      | XOM: enchant monster (bad)
  7265 | D:7      | XOM: give mutation
  7265 | D:7      | Lost mutation: Your body sometimes deteriorates upon taking damage. [Xom's mischief]
  7343 | D:7      | XOM: enchant monster (bad)
  7357 | D:7      | Killed Joseph
  7607 | D:7      | Found a deep blue altar of Sif Muna.
  7644 | D:7      | Found a stormy altar of Qazlal.
  7646 | D:7      | Found a burning altar of Makhleb.
  7742 | D:8      | XOM: potion effect (brilliance)
  7747 | D:8      | Gained mutation: Your flesh is very cold resistant. (rC++) [potion of mutation]
  7747 | D:8      | Gained mutation: Potions and wands are less effective at restoring your health. [potion of mutation]
  7751 | D:8      | XOM: potion effect (curing)
  8102 | D:8      | XOM: mild Chrm miscast
  8161 | D:8      | XOM: god gift: scroll labeled XAPANU YXZEQECU {god gift}
  8189 | D:8      | XOM: butterfly on damage
  8194 | D:8      | XOM: swap monsters
  8353 | D:8      | XOM: fog
  8393 | D:8      | XOM: 2-stop teleportation journey
  8420 | D:8      | XOM: confuse monster(s)
  8435 | D:8      | XOM: enchant monster (good)
  8456 | D:8      | XOM: summons friendly white imp
  8460 | D:8      | XOM: butterfly on damage
  8476 | D:8      | XOM: scenery: create altars
  8478 | D:8      | Reached skill level 9 in Dodging
  8513 | D:8      | XOM: potion effect (berserk rage)
  8702 | D:8      | Found Ynupas's Assorted Antiques.
  8705 | D:8      | XOM: mild Divn miscast
  8710 | D:8      | Bought a potion of curing for 57 gold pieces
  8710 | D:8      | Bought a scroll of identify for 38 gold pieces
  8731 | D:8      | Gained mutation: You have a pair of small horns on your head. [evolution]
  8912 | D:8      | XOM: summons 4 hostile shadow creatures
  8942 | D:8      | XOM: give mutations
  8942 | D:8      | Gained mutation: Your spells are a little harder to cast, but a little more powerful. [Xom's grace]
  8942 | D:8      | Gained mutation: You are resistant to electric shocks. (rElec) [Xom's grace]
  8942 | D:8      | Gained mutation: You have an increased reservoir of magic. (+10% MP) [Xom's grace]
  8942 | D:8      | Lost mutation: You evolve. [Xom's grace]
  8942 | D:8      | Gained mutation: You are somewhat resistant to further mutation. [Xom's grace]
  8966 | D:8      | XOM: divination: detect items
  8978 | D:8      | XOM: god gift: 39 gold pieces
  9144 | D:9      | XOM: harmless Divn miscast
  9146 | D:9      | XOM: polymorph scorpion -> killer bee
  9170 | D:9      | Found a staircase to the Orcish Mines.
  9199 | D:9      | Found a basalt altar of Yredelemnul.
  9199 | D:9      | Found an iron altar of Okawaru.
  9510 | D:9      | XOM: cast spell 'Excruciating Wounds'
  9737 | D:9      | XOM: noise
 10049 | D:9      | XOM: god gift: disc of storms
 10074 | D:9      | XOM: divination: detect items
 10091 | D:9      | Reached XP level 11. HP: 69/86 MP: 16/16
 10144 | D:9      | Found a sparkling altar of Nemelex Xobeh.
 10159 | D:9      | XOM: summons friendly shadow imp
 10166 | D:9      | XOM: enchant monster (good)
 10182 | D:9      | XOM: potion effect (haste)
 10254 | D:9      | XOM: god gift: translucent marble ring {god gift}
 10255 | D:9      | Got a translucent marble ring {god gift}
 10454 | D:9      | XOM: give mutations
 10454 | D:9      | Gained mutation: Your system is resistant to poisons. (rPois) [Xom's grace]
 10454 | D:9      | Gained mutation: You have sharp fingernails. [Xom's grace]
 10454 | D:9      | Lost mutation: You are somewhat resistant to further mutation. [Xom's grace]
 10454 | D:9      | Gained mutation: You evolve. [Xom's grace]
 10461 | D:9      | XOM: cloud trail
 10566 | D:9      | XOM: fog
 10570 | D:9      | XOM: divination: detect items
 10571 | D:9      | XOM: cast spell 'Summon Dragon'
 10677 | D:9      | XOM: give mutation
 10677 | D:9      | Gained mutation: You are resistant to hostile enchantments. (MR+) [Xom's grace]
 10692 | D:10     | Entered Level 10 of the Dungeon
 10692 | D:10     | Noticed sveltemanboy's ghost (journeyman TeSu)
 10699 | D:10     | XOM: god gift: 10 sling bullets
 10700 | D:10     | XOM: summons 4 friendly demons
 10703 | D:10     | Killed sveltemanboy's ghost
 10750 | D:10     | Identified the ring "Oniwk" {rN+ Stlth+} (Xom gifted it to you on level 9 of the Dungeon)
 10918 | D:10     | Got a warped hand axe
 10991 | D:10     | Reached skill level 10 in Dodging
 11134 | D:10     | XOM: scenery: 3 doors close
 11229 | D:10     | XOM: medium Divn miscast
 11308 | D:10     | XOM: divination: magic mapping
 11353 | D:10     | XOM: 1-stop teleportation journey
 11471 | D:10     | XOM: summons 2 friendly demons
 11474 | D:10     | Noticed a hill giant
 11483 | D:10     | Killed a hill giant
 11561 | D:11     | Noticed an eight-headed hydra
 11563 | D:11     | XOM: polymorph adder -> dart slug
 11574 | D:10     | HP: 1/87 [eight-headed hydra (13)]
 11953 | D:10     | XOM: cast spell 'Cause Fear'
 11973 | D:10     | XOM: scenery: 1 doors close
 11981 | D:10     | XOM: enchant monster (good)
 12111 | D:10     | XOM: divination: detect creatures
 12173 | D:10     | XOM: summons friendly hellwing
 12197 | D:10     | XOM: confuse monster(s)
 12548 | D:10     | XOM: god gift: runed lajatang {god gift}
 12723 | D:11     | Noticed Fannar
 12729 | D:11     | Noticed a brown ugly thing
 12735 | D:11     | Killed a brown ugly thing
 12735 | D:11     | XOM: divine lightning
 12762 | D:11     | XOM: fog
 12893 | D:11     | XOM: enchant monster (good)
 12926 | D:11     | XOM: divine lightning
 12939 | D:11     | XOM: enchant monster (good)
 12940 | D:11     | XOM: summons 11 friendly demons
 12959 | D:11     | XOM: enchant monster (bad)
 12973 | D:11     | XOM: give mutations
 12973 | D:11     | Lost mutation: You are resistant to hostile enchantments. (MR+) [Xom's mischief]
 12973 | D:11     | Lost mutation: You passively map the area around you. [Xom's mischief]
 12973 | D:11     | Lost mutation: You possess an exceptional clarity of mind. [Xom's mischief]
 12992 | D:11     | XOM: confusion (+ monsters)
 13083 | D:11     | Noticed an unseen horror
 13091 | D:11     | an unseen horror changed into a komodo dragon
 13091 | D:11     | XOM: polymorph unseen horror -> komodo dragon
 13092 | D:11     | XOM: harmless Necr miscast
 13105 | D:11     | XOM: blink monster(s)
 13105 | D:11     | Mangled by a komodo dragon

Skill      XL: |  1  2  3  4  5  6  7  8  9 10 11 |
---------------+----------------------------------+-----
Maces & Flails | 3 4 5 6 7 8 |  8.4
Fighting       | 4 5 7 8 |  8.5
Armour         | 1 2 3 4 |  4.4
Dodging        | 3 4 8 9 10 | 10.1
Stealth        | 1 2 4 6 7 8 |  8.4
Staves         | 2 |  2.7
Throwing       | 3 |  3.0
Shields        | 3 4 |  4.4
Unarmed Combat | 3 |  3.4
Spellcasting   | 2 |  2.8
Evocations     | 3 |  3.0

Action                   |  1- 3 |  4- 6 |  7- 9 | 10-12 || total
-------------------------+-------+-------+-------+-------++-------
Melee: Mace              |   129 |   164 |   249 |   749 ||  1291
       Staff             |       |       |    78 |       ||    78
       Unarmed           |       |       |    17 |       ||    17
       Bite              |       |       |       |   129 ||   129
       Headbutt          |       |       |       |   162 ||   162
  Use: Scroll            |     1 |     5 |     2 |     9 ||    17
       Potion            |       |       |    11 |     5 ||    16
 Stab: Paralysed         |     1 |     1 |    10 |     4 ||    16
       Sleeping          |       |     3 |     5 |    13 ||    21
       Petrified         |       |     2 |       |    22 ||    24
       Petrifying        |       |     1 |       |     9 ||    10
       Confused          |       |       |     1 |    13 ||    14
       Distracted        |       |       |       |     4 ||     4
  Eat: Chunk             |       |     4 |     3 |    13 ||    20
       Beef jerky        |       |     1 |       |     1 ||     2
       Royal jelly       |       |       |     1 |       ||     1
       Pizza             |       |       |     1 |       ||     1
       Bread ration      |       |       |     2 |     1 ||     3
       Fruit             |       |       |       |     2 ||     2
Armor: Leather armour    |    47 |    35 |   109 |   119 ||   310
       Skin              |       |       |     1 |       ||     1
Dodge: Dodged            |   117 |   125 |   220 |   592 ||  1054
Block: Buckler           |       |       |    15 |   217 ||   232
